[Event "Dam-SM i Blixtschack"]
[Site "Goteborgs Schackcentrum, Vegatan 20, Gothenburg, Sweden"]
[Date "2024.12.07"]
[Round "4.4"]
[White "Kristiansen, Celina"]
[Black "Nabbing, Johanna"]
[Result "0-1"]
[TimeControl "3 minutes + 2 seconds per move from move one"]
[WhiteFideId "1778510"]
[BlackFideId "1726340"]
[WhiteElo "1462"]
[BlackElo "1613"]

1. e4 d5 2. exd5 Qxd5 3. Nc3 Qd7 4. Bc4 Nf6 5. f3 Qd8 6. d3 Bf5 7. Be3 e6 8.
a3 c6 9.
Nge2 Nbd7 10. O-O Bd6 11. Bg5 h6 12. Bxf6 Qxf6 13. Qd2 O-O-O 14. Rfe1 Ne5 15. Qe3 Nxc4 16. dxc4 Qg6 17. g3 b6 18. Nd4 Bc5 19. Qf4 Bxd4+ 20. Rad1 0-1

[Event "Dam-SM i Blixtschack"]
[Site "Goteborgs Schackcentrum, Vegatan 20, Gothenburg, Sweden"]
[Date "2024.12.07"]
[Round "8.2"]
[White "Hansson, Susanne"]
[Black "Opdendries, Zoe"]
[Result "1-0"]
[TimeControl "3 minutes + 2 seconds per move from move one"]
[WhiteFideId "1703820"]
[BlackFideId "1739506"]
[WhiteElo "1878"]
[BlackElo "1466"]

1. e4 d6 2. d4 Nf6 3.
Nc3 Nbd7 4. f4 g6 5. e5 dxe5 6.
fxe5 Nh5 7. g4 Ng7 8. Nf3 b6 9. Bg2 Bb7 10. O-O c5 11. Ng5 f6 12. exf6 Bxg2 13. f7# 1-0

[Event "Dam-SM i Blixtschack"]
[Site "Goteborgs Schackcentrum, Vegatan 20, Gothenburg, Sweden"]
[Date "2024.12.07"]
[Round "8.3"]
[White "Claesson, Margareta"]
[Black "Mironova, Olga K"]
[Result "1-0"]
[TimeControl "3 minutes + 2 seconds per move from move one"]
[WhiteFideId "1701703"]
[BlackFideId "1779656"]
[WhiteElo "1934"]
[BlackElo "1404"]

1. e4 e6 2. d4 d5 3. e5 c5 4.
c3 Nc6 5. Nf3 cxd4 6. cxd4 Bb4+ 7. Nc3 Nge7 8. Bd2 O-O 9.
Bd3 a6 10. O-O b5 11. Rc1 Nf5 12. Ne2 Nfxd4 13. Nexd4 Bxd2 14. Qxd2 Qc7 15. Rxc6 Qd7 16. Rfc1 Bb7 17. Rc7 Qd8 18.
Rxb7 Rc8 19. Rxc8 Qxc8 20. Rb6 a5 21. h3 Qc7 22. Qxa5 Qc1+ 23. Kh2 Qf4+ 24. g3 Qh6 25. Qxb5 f5 26. exf6 gxf6 27. Rb8 Rxb8 28. Qxb8+ Kg7 29.
Nxe6+ Kf7 1-0

[Event "Dam-SM i Blixtschack"]
[Site "Goteborgs Schackcentrum, Vegatan 20, Gothenburg, Sweden"]
[Date "2024.12.07"]
[Round "2.2"]
[White "Isurina Mariano, Cristine Rose"]
[Black "Nabbing, Johanna"]
[Result "1-0"]
[TimeControl "3 minutes + 2 seconds per move from move one"]
[WhiteTitle "WIM"]
[WhiteFideId "5201071"]
[BlackFideId "1726340"]
[WhiteElo "1920"]
[BlackElo "1613"]

1. f4 d5 2. Nf3 Nf6 3. d3 Bf5 4. Nbd2 e6 5. h3 h6 6. g4 Bh7 7. Bg2 Nc6 8.
O-O Bc5+ 9. Kh1 Qd6 10. Nb3 Bb6 11. c3 O-O 12. d4 Ne4 13. Qe1 Rfe8 14. Ne5 Nxe5 15. fxe5 Qe7 16. Nd2 Nxd2 17. Bxd2 c6 18. Qg3 Bd8 19. Rf3 Be4 20. Rf2 Bxg2+ 21. Rxg2 f6 22. Rf1 fxe5 23. dxe5 Bc7 24. g5 Rf8 25. Rxf8+ Rxf8 26. gxh6 Rf1+ 27. Kh2 Qf7 28. Qxg7+ Qxg7 29. Rxg7+ Kf8 30. Rxc7 Rf2+ 31. Kg3 Rxe2 32. Bg5 Rxb2 33.
h7 1-0

[Event "Dam-SM i Blixtschack"]
[Site "Goteborgs Schackcentrum, Vegatan 20, Gothenburg, Sweden"]
[Date "2024.12.07"]
[Round "4.6"]
[White "Mironova, Olga K"]
[Black "Opdendries, Zoe"]
[Result "0-1"]
[TimeControl "3 minutes + 2 seconds per move from move one"]
[WhiteFideId "1779656"]
[BlackFideId "1739506"]
[WhiteElo "1404"]
[BlackElo "1466"]

1. e4 d6 2. Nf3 Nf6 3. Nc3 g6 4. Bc4 Bg7 5. Ng5 O-O 6. Nxf7 Rxf7 7. Bxf7+ Kxf7 8. O-O Nbd7 9. Qf3 Kg8 10.
e5 Nxe5 11. Qe2 b6 12. d4 Neg4 13. Bg5 Qf8 14. Rfe1 e5 15. dxe5 Nxe5 16. Rad1 Bb7 17. a4 Re8 18. Nb5 Nf7 19.
Qc4 Rxe1+ 20. Rxe1 d5 21. Qxc7 Bc8 22. Nd6 Nxg5 23. Nxc8 Nfe4 24. Ne7+ Kh8 25. Qxa7 Qxf2+ 26. Kh1 Qxe1# 0-1

[Event "Dam-SM i Blixtschack"]
[Site "Goteborgs Schackcentrum, Vegatan 20, Gothenburg, Sweden"]
[Date "2024.12.07"]
[Round "8.4"]
[White "Nabbing, Johanna"]
[Black "Olsson, Linn"]
[Result "0-1"]
[TimeControl "3 minutes + 2 seconds per move from move one"]
[WhiteFideId "1726340"]
[BlackFideId "1722514"]
[WhiteElo "1613"]
[BlackElo "1890"]

1. d4 d5 2. Nf3 Nc6 3. Bf4 Bf5 4. e3 Nf6 5. c3 e6 6. Nbd2 Be7 7. Be2 O-O 8. h3 Bd6 9. Ne5 Bxe5 10. dxe5 Nd7 11. Nf3 Be4 12. Bh2 Bxf3 13. Bxf3 Ndxe5 14. Bxe5 Nxe5 15. Be2 Qg5 16. O-O Ng6 17. Bd3 Nh4 18. g3 Ng6 19.
Bxg6 fxg6 20. h4 Qe7 21. Qg4 Rf6 22. e4 Raf8 23. exd5 exd5 24. Rae1 Qc5 25. Qe2 Rf3 26. Qe6+ Kh8 27.
Re2 Rxg3+ 28. Kh2 Rgf3 29. Kg2 R3f6 30. Qe3 h6 31. Qg3 Qc6 32. a3 d4+ 33. cxd4 0-1

[Event "Dam-SM i Blixtschack"]
[Site "Goteborgs Schackcentrum, Vegatan 20, Gothenburg, Sweden"]
[Date "2024.12.07"]
[Round "2.4"]
[White "Nilsson, Elin"]
[Black "Kristiansen, Celina"]
[Result "1-0"]
[TimeControl "3 minutes + 2 seconds per move from move one"]
[WhiteFideId "1790749"]
[BlackFideId "1778510"]
[WhiteElo "1509"]
[BlackElo "1462"]

1. d4 c6 2. e4 d5 3. Nc3 Nf6 4.
Bd3 dxe4 5. Bc4 a6 6. Be3 e6 7. a3 Bd6 8. Nh3 h6 9. Na4 Qa5+ 10. Nc3 O-O 11. O-O e5 12. dxe5 Bxe5 13.
Bf4 Bxf4 14. Nxf4 Qe5 15. Qd2 Be6 16. Rfe1 Bxc4 17. Nxe4 Nbd7 18. Nxf6+ Qxf6 19. b3 Be6 20. h3 Bf5 21.
Rad1 Ne5 22. Nh5 Qg6 23. Qe2 Nd7 24. a4 Rad8 25. c4 b5 26. cxb5 cxb5 27. axb5 axb5 28. Qxb5 Rb8 29.
Qc4 Rxb3 30. Qxb3 Be6 31. Qf3 Nc5 32. Nf4 Qf5 33. Qe3 Re8 34. Rc1 1-0

[Event "Dam-SM i Blixtschack"]
[Site "Goteborgs Schackcentrum, Vegatan 20, Gothenburg, Sweden"]
[Date "2024.12.07"]
[Round "6.2"]
[White "Kristiansen, Celina"]
[Black "Hansson, Susanne"]
[Result "0-1"]
[TimeControl "3 minutes + 2 seconds per move from move one"]
[WhiteFideId "1778510"]
[BlackFideId "1703820"]
[WhiteElo "1462"]
[BlackElo "1878"]

1. b3 e5 2. Nf3 e4 3. Ng1 d5 4.
e3 f5 5.
Bb2 Nf6 6. h3 Bd6 7. Nc3 a6 8. g3 c5 9. Bg2 Nc6 10. a3 O-O 11. d3 d4 12. exd4 cxd4 13. Nce2 e3 14. f3 Qb6 15.
c3 Qc7 16. cxd4 Bxg3+ 17. Nxg3 Qxg3+ 18. Kf1 Qf2# 0-1

[Event "Dam-SM i Blixtschack"]
[Site "Goteborgs Schackcentrum, Vegatan 20, Gothenburg, Sweden"]
[Date "2024.12.07"]
[Round "2.5"]
[White "Svensson, Paula"]
[Black "Mironova, Olga K"]
[Result "1-0"]
[TimeControl "3 minutes + 2 seconds per move from move one"]
[WhiteFideId "1715186"]
[BlackFideId "1779656"]
[WhiteElo "1488"]
[BlackElo "1404"]

1. e4 e6 2. e5 d5 3. d4 Ne7 4. Bd2 Nbc6 5. c4 dxc4 6. Bxc4 Nxd4 7. Bc3 Ndc6 8. Qc2 Nf5 9. Nf3 Bb4 10.
O-O O-O 11. Rd1 Qe8 12. Bb5 Qe7 13. Na3 Bxc3 14. Qxc3 a6 15. Bxc6 bxc6 16. Qxc6 Bd7 17. Rxd7 Qg5 18. Nxg5 Rab8 19.
Nc4 Rb4 20. Rxc7 Nd4 21. Qd7 Ne2+ 22. Kf1 h6 23. Rc8 hxg5 24. Rxf8+ Kh7 25. Qd3+ Nf4 1-0

[Event "Dam-SM i Blixtschack"]
[Site "Goteborgs Schackcentrum, Vegatan 20, Gothenburg, Sweden"]
[Date "2024.12.07"]
[Round "6.3"]
[White "Olsson, Linn"]
[Black "Claesson, Margareta"]
[Result "0-1"]
[TimeControl "3 minutes + 2 seconds per move from move one"]
[WhiteFideId "1722514"]
[BlackFideId "1701703"]
[WhiteElo "1890"]
[BlackElo "1934"]

1. d4 Nf6 2. c4 e6 3. Nc3 b6 4.
Bg5 Bb7 5. e3 Be7 6. Nf3 O-O 7. Bd3 h6 8. Bh4 d5 9.
O-O Ne4 10. Bxe7 Qxe7 11. Rc1 c6 12.
cxd5 exd5 13. Ne5 Nd7 14. Nxd7 Qxd7 15. Bxe4 dxe4 16. Nxe4 c5 17. Ng3 cxd4 18. exd4 Rad8 19. Rc4 Qd5 20. Qf3 Qxc4 21. Qxb7 Rxd4 22.
Nf5 Rd2 23. Qf3 Kh7 24. Ne3 Qe6 25. b3 Rfd8 26. h3 Rxa2 27. Ng4 Re2 28. Qc3 Kg8 29. Qg3 Qg6 30. Qc3 Rde8 31. Qf3 Rb2 32. Qc3 Ree2 33. Ne5 Qf6 34. Qg3 Qxe5 35. Qxe5 Rxe5 36. Rd1 Rbe2 37. Rd8+ Kh7 38. Rd1 Re1+ 39. Rxe1 Rxe1+ 40. Kh2 Rb1 0-1

[Event "Dam-SM i Blixtschack"]
[Site "Goteborgs Schackcentrum, Vegatan 20, Gothenburg, Sweden"]
[Date "2024.12.07"]
[Round "9.1"]
[White "Isurina Mariano, Cristine Rose"]
[Black "Svensson, Paula"]
[Result "1-0"]
[TimeControl "3 minutes + 2 seconds per move from move one"]
[WhiteTitle "WIM"]
[WhiteFideId "5201071"]
[BlackFideId "1715186"]
[WhiteElo "1920"]
[BlackElo "1488"]

1. f4 e6 2. Nc3 d5 3. d4 Bd6 4.
Nf3 f6 5. e3 Ne7 6. Bd3 Ng6 7. O-O f5 8. Ne5 Nxe5 9. fxe5 Be7 10. Qh5+ g6 11. Qd1 Bd7 12. Bd2 Bg5 13. Ne2 a6 14.
g3 Nc6 15. c4 Ne7 16. h4 Bh6 17. Nf4 g5 18. Qh5+ Ng6 19.
Nxg6 hxg6 20. Qxg6+ Kf8 21. cxd5 Be8 22. Qxe6 Bf7 23. Rxf5 gxh4 24. Qxf7# 1-0

[Event "Dam-SM i Blixtschack"]
[Site "Goteborgs Schackcentrum, Vegatan 20, Gothenburg, Sweden"]
[Date "2024.12.07"]
[Round "6.4"]
[White "Nilsson, Elin"]
[Black "Nabbing, Johanna"]
[Result "0-1"]
[TimeControl "3 minutes + 2 seconds per move from move one"]
[WhiteFideId "1790749"]
[BlackFideId "1726340"]
[WhiteElo "1509"]
[BlackElo "1613"]

1. d4 Nf6 2. e3 g6 3. c4 d6 4. Nf3 Bg7 5. Nc3 b6 6. Bd2 Bb7 7. Ng5 O-O 8. e4 Nbd7 9. d5 Qe8 10. Nb5 Qc8 11. Be2 a6 12.
Nd4 Nc5 13. Bf3 e5 14. Nde6 fxe6 15. Nxe6 Nxe6 16. dxe6 Qxe6 17. Bc3 Nxe4 18. O-O Nxc3 19. bxc3 Bxf3 20. Qxf3 Rxf3 21. Rab1 Rxc3 22.
c5 Rxc5 23. a4 Rf8 24. h3 Qd5 25. Rfd1 Qc4 26. g3 Qxa4 27. Kg2 Qe4+ 28. Kg1 Qf3 29. Rdc1 Qxf2+ 30. Kh1 Qf3+ 31. Kg1 Rxc1+ 32. Rxc1 e4 33. Rf1 Bd4+ 34. Kh2 Qxf1 35. h4 Rf2# 0-1

[Event "Dam-SM i Blixtschack"]
[Site "Goteborgs Schackcentrum, Vegatan 20, Gothenburg, Sweden"]
[Date "2024.12.07"]
[Round "3.1"]
[White "Olsson, Linn"]
[Black "Isurina Mariano, Cristine Rose"]
[Result "0-1"]
[TimeControl "3 minutes + 2 seconds per move from move one"]
[BlackTitle "WIM"]
[WhiteFideId "1722514"]
[BlackFideId "5201071"]
[WhiteElo "1890"]
[BlackElo "1920"]

1. d4 e6 2. c4 b6 3. Nf3 Bb7 4. Bf4 Bb4+ 5. Nc3 f5 6. e3 Nf6 7. Bd3 d6 8. O-O Bxc3 9. bxc3 O-O 10. Bg5 Qe8 11. Bc2 Nbd7 12. d5 Ne4 13. Bxe4 fxe4 14. Nd2 exd5 15. cxd5 Bxd5 16. c4 Bb7 17. Qg4 Nc5 18. Rad1 Qg6 19. Qg3 Rae8 20. Nb3 Nd3 21. Nd4 Ba6 22.
Nc6 Rf7 23. Qh4 Kh8 24. Nd8 Rf5 25. Bf4 Nxf4 26. exf4 Bxc4 27. Rfe1 Rh5 28. Qg3 Qxg3 29. fxg3 Rxd8 30. g4 Rd5 31. Rxd5 Bxd5 32. f5 Kg8 33. Rd1 c6 34. Rc1 Kf7 35. Rc3 c5 36. Kf2 Kf6 37. h3 Bxa2 38. Ra3 Bd5 39. Rxa7 Ra8 40. Rd7 Ra2+ 41. Ke3 Ra3+ 42. Kf2 b5 43. Rxd6+ Ke5 44. Rd7 e3+ 45. Ke2 Bc4+ 0-1

[Event "Dam-SM i Blixtschack"]
[Site "Goteborgs Schackcentrum, Vegatan 20, Gothenburg, Sweden"]
[Date "2024.12.07"]
[Round "6.5"]
[White "Opdendries, Zoe"]
[Black "Svensson, Paula"]
[Result "0-1"]
[TimeControl "3 minutes + 2 seconds per move from move one"]
[WhiteFideId "1739506"]
[BlackFideId "1715186"]
[WhiteElo "1466"]
[BlackElo "1488"]

1. d4 d5 2. c4 Nf6 3. Nf3 Nc6 4. g3 Bg4 5. Bg2 e6 6. O-O Qd7 7. Re1 b6 8. Ne5 Nxe5 9. dxe5 Nh5 10. cxd5 exd5 11. Bxd5 O-O-O 12. Nc3 Bb4 13. Qb3 Bxc3 14. bxc3 Qxd5 15. Qxd5 Rxd5 16. Bf4 Rhd8 17. f3 Bh3 18. c4 Rd2 19. a4 Rc2 20. Rac1 Rxc1 21.
Rxc1 Nxf4 22. gxf4 Bf5 23. e4 Bh3 24. c5 bxc5 25. Rxc5 Rd1+ 26. Kf2 Rd2+ 27. Ke3 Rxh2 28. e6 fxe6 29.
Rh5 0-1

[Event "Dam-SM i Blixtschack"]
[Site "Goteborgs Schackcentrum, Vegatan 20, Gothenburg, Sweden"]
[Date "2024.12.07"]
[Round "9.3"]
[White "Nilsson, Elin"]
[Black "Claesson, Margareta"]
[Result "0-1"]
[TimeControl "3 minutes + 2 seconds per move from move one"]
[WhiteFideId "1790749"]
[BlackFideId "1701703"]
[WhiteElo "1509"]
[BlackElo "1934"]

1. d4 d5 2. e3 g6 3. Nf3 Bg7 4. c3 Bg4 5. Be2 c6 6. Nfd2 Bxe2 7. Qxe2 e5 8. O-O Nd7 9. Nf3 e4 10. Nfd2 f5 11. Nb3 Ne7 12.
c4 O-O 13. Na3 Rc8 14. Bd2 h6 15. Na5 b6 16. Nb7 Qc7 17. Nc5 bxc5 18. b4 cxd4 19. b5 d3 20. Qd1 dxc4 21. Rb1 c3 22.
Bc1 c5 23. Qb3+ Kh7 24. Nc4 Nb6 25. a4 Rfd8 26. Nd2 c4 27. Qb4 Ned5 28. Qa3 cxd2 29. Bxd2 c3 0-1

[Event "Dam-SM i Blixtschack"]
[Site "Goteborgs Schackcentrum, Vegatan 20, Gothenburg, Sweden"]
[Date "2024.12.07"]
[Round "3.2"]
[White "Nabbing, Johanna"]
[Black "Hansson, Susanne"]
[Result "0-1"]
[TimeControl "3 minutes + 2 seconds per move from move one"]
[WhiteFideId "1726340"]
[BlackFideId "1703820"]
[WhiteElo "1613"]
[BlackElo "1878"]

1. d4 d5 2. Nf3 Nc6 3. Bf4 f6 4. e3 Bg4 5. Nbd2 e5 6. h3 Bxf3 7. Qxf3 exf4 8. Qxf4 Bd6 9. Qf3 Nge7 10. Bd3 Nb4 11. O-O Nxd3 12. cxd3 Qd7 13. Rfe1 O-O 14. e4 dxe4 15.
Nxe4 Ng6 16. Ng3 Bxg3 17. Qxg3 Rfe8 18. Qf3 c6 19. Qd1 Qxd4 20. Qb3+ Qd5 21. Qxb7 Nf4 22. g3 Qg2# 0-1

[Event "Dam-SM i Blixtschack"]
[Site "Goteborgs Schackcentrum, Vegatan 20, Gothenburg, Sweden"]
[Date "2024.12.07"]
[Round "9.4"]
[White "Olsson, Linn"]
[Black "Opdendries, Zoe"]
[Result "1-0"]
[TimeControl "3 minutes + 2 seconds per move from move one"]
[WhiteFideId "1722514"]
[BlackFideId "1739506"]
[WhiteElo "1890"]
[BlackElo "1466"]

1. d4 Nf6 2. c4 d6 3.
Nc3 g6 4. Nf3 Bg7 5. Bf4 Nbd7 6. e3 c5 7. Be2 O-O 8. O-O b6 9. d5 Bb7 10.
Rc1 Ne5 11. Bxe5 dxe5 12. Nxe5 Qd6 13. Nf3 a6 14. e4 e6 15.
e5 Qe7 16. exf6 Bxf6 17. Ne4 Bxb2 18. Rc2 Bg7 19. Nc3 exd5 20. cxd5 Rad8 21. Re1 Rfe8 22. Bxa6 Qd7 23. Bxb7 Qxb7 24.
Qd2 Bxc3 25. Qxc3 Qxd5 26. Rcc1 1-0

[Event "Dam-SM i Blixtschack"]
[Site "Goteborgs Schackcentrum, Vegatan 20, Gothenburg, Sweden"]
[Date "2024.12.07"]
[Round "9.5"]
[White "Mironova, Olga K"]
[Black "Nabbing, Johanna"]
[Result "0-1"]
[TimeControl "3 minutes + 2 seconds per move from move one"]
[WhiteFideId "1779656"]
[BlackFideId "1726340"]
[WhiteElo "1404"]
[BlackElo "1613"]

1. e4 d5 2. e5 Bf5 3. Nf3 e6 4.
Bb5+ Nc6 5. O-O Bc5 6. d4 Bb6 7. Be3 Nge7 8. Nc3 a6 9. Ba4 Ba5 10. a3 b5 11. b4 bxa4 12. bxa5 Nxa5 13.
Nxa4 Rb8 14. Nc5 Qc8 15. Ng5 O-O 16. Qh5 Bxc2 17. Qxh7+ Bxh7 18. Nxh7 Kxh7 19. Nd3 Nc4 20. Bg5 Ng6 21.
Nf4 Nxf4 22. Bxf4 Rb2 23. Rab1 Qb7 24. Rxb2 Qxb2 25. h3 Rb8 0-1

[Event "Dam-SM i Blixtschack"]
[Site "Goteborgs Schackcentrum, Vegatan 20, Gothenburg, Sweden"]
[Date "2024.12.07"]
[Round "3.4"]
[White "Svensson, Paula"]
[Black "Nilsson, Elin"]
[Result "0-1"]
[TimeControl "3 minutes + 2 seconds per move from move one"]
[WhiteFideId "1715186"]
[BlackFideId "1790749"]
[WhiteElo "1488"]
[BlackElo "1509"]

1. e4 e6 2. e5 d5 3. d4 c5 4. c4 Nc6 5. Be3 Qa5+ 6. Nc3 Bd7 7. a3 Rc8 8. Qd2 cxd4 9. Bxd4 Qd8 10.
Nb5 Qh4 11. Nf3 Qh5 12. Be2 Qg6 13. O-O Nh6 14. Nh4 Qe4 15. Nf3 a6 16. Nd6+ Bxd6 17. exd6 O-O 18. Bd3 Qg4 19. c5 Nxd4 20.
Bxh7+ Kxh7 21. Nxd4 e5 22. f3 Qg6 23. Ne2 Rxc5 24. Ng3 Bb5 25. Rfc1 Rxc1+ 26. Rxc1 Nf5 27. Nxf5 Qxf5 28. Rc7 g6 29.
Qb4 Rd8 30. Rxb7 Qb1+ 31. Kf2 Qc2+ 32. Kg3 Qf5 33. Rxb5 Qf4+ 34. Kf2 Qg5 35. Rb8 Rd7 36. Qb6 Qf5 37. Rd8 e4 38. Rxd7 Qxd7 39.
Qe3 Qc6 40. fxe4 Qxd6 41. Qh3+ 0-1

[Event "Dam-SM i Blixtschack"]
[Site "Goteborgs Schackcentrum, Vegatan 20, Gothenburg, Sweden"]
[Date "2024.12.07"]
[Round "7.2"]
[White "Hansson, Susanne"]
[Black "Svensson, Paula"]
[Result "1-0"]
[TimeControl "3 minutes + 2 seconds per move from move one"]
[WhiteFideId "1703820"]
[BlackFideId "1715186"]
[WhiteElo "1878"]
[BlackElo "1488"]

1. e4 e5 2. f4 d5 3. exd5 Qxd5 4. Nc3 Qe6 5. fxe5 Qxe5+ 6. Be2 Bc5 7. Nf3 Qe7 8. d4 Bd6 9. O-O Nf6 10.
Bg5 O-O 11. Nd5 Nbd7 12. Nxe7+ Bxe7 13.
Ne5 Nxe5 14. dxe5 Nd7 15. Bxe7 Re8 16. Bh4 Nxe5 17. Bb5 c6 18. Bd3 Be6 19. Qh5 g6 20. Qxe5 1-0

[Event "Dam-SM i Blixtschack"]
[Site "Goteborgs Schackcentrum, Vegatan 20, Gothenburg, Sweden"]
[Date "2024.12.07"]
[Round "7.3"]
[White "Claesson, Margareta"]
[Black "Nabbing, Johanna"]
[Result "1-0"]
[TimeControl "3 minutes + 2 seconds per move from move one"]
[WhiteFideId "1701703"]
[BlackFideId "1726340"]
[WhiteElo "1934"]
[BlackElo "1613"]

1. e4 d5 2. exd5 Qxd5 3. Nc3 Qd6 4. d3 Nf6 5. Nf3 Bg4 6. Be2 e6 7. O-O c6 8. h3 Bh5 9. Re1 Qc7 10.
Be3 Bd6 11. Ne4 Nxe4 12. dxe4 Nd7 13. Rc1 O-O-O 14. c4 b6 15.
a3 Ne5 16. Nxe5 Bxe2 17. Qxe2 Bxe5 18. c5 h5 19. cxb6 axb6 20. Qa6+ Qb7 21. Qxb6 Qxb6 22. Bxb6 Rd6 23. Rc2 Kb7 24.
Be3 Rhd8 25. f4 Rd1 26. Rxd1 Rxd1+ 27. Kf2 Bd6 28.
e5 Be7 29. Ke2 Rd7 30. g4 hxg4 31. hxg4 f6 32. exf6 Bxf6 33. g5 Bd8 34. Rc4 Ba5 35. Re4 Re7 36. Kd3 Kc7 37. Kc4 Kb7 38. b4 Bc7 39. a4 Bd6 40. Bc5 Bxc5 41. Kxc5 g6 42. Kd6 Re8 43. Rxe6 Rd8+ 44. Kc5 Rd1 45. Rxg6 Rc1+ 46. Kd4 Rd1+ 47. Kc3 Rf1 48. Rf6 Rf3+ 49.
Kc4 Re3 50. g6 Re4+ 51. Kc5 Re1 52. g7 Rg1 53. Rf7+ Ka6 54. f5 1-0

[Event "Dam-SM i Blixtschack"]
[Site "Goteborgs Schackcentrum, Vegatan 20, Gothenburg, Sweden"]
[Date "2024.12.07"]
[Round "3.6"]
[White "Kristiansen, Celina"]
[Black "Mironova, Olga K"]
[Result "1-0"]
[TimeControl "3 minutes + 2 seconds per move from move one"]
[WhiteFideId "1778510"]
[BlackFideId "1779656"]
[WhiteElo "1462"]
[BlackElo "1404"]

1. e4 e6 2. Nf3 d5 3. exd5 exd5 4.
d4 Nc6 5. c3 Nf6 6. h3 Bd6 7. Bd3 O-O 8. Qc2 Re8+ 9. Be3 Bf4 10. O-O Qd6 11. Nbd2 Bh2+ 12. Nxh2 Ne4 13. Bxe4 dxe4 14.
Nxe4 Qg6 15. Ng3 Qxc2 16. Rab1 Bd7 17. a3 Re6 18. d5 Rd6 19. dxc6 Rd2 20. Bxd2 Qxd2 21. Rbd1 Qxb2 22. Rxd7 Qxc3 23. cxb7 Rb8 24. Rb1 Rxb7 25.
Rxb7 Qc1+ 26. Ngf1 h6 27.
Rbxc7 Qxa3 28. Rd8+ Kh7 29. Rxf7 Kg6 30. Rf3 Qe7 31. Rdd3 h5 32. Rg3+ Kh6 33. Rde3 Qf6 34. Rgf3 Qg5 35.
h4 Qg6 36. Rg3 Qf6 37. Ng4+ hxg4 38. Rxg4 1-0

[Event "Dam-SM i Blixtschack"]
[Site "Goteborgs Schackcentrum, Vegatan 20, Gothenburg, Sweden"]
[Date "2024.12.07"]
[Round "1.2"]
[White "Opdendries, Zoe"]
[Black "Isurina Mariano, Cristine Rose"]
[Result "0-1"]
[TimeControl "3 minutes + 2 seconds per move from move one"]
[BlackTitle "WIM"]
[WhiteFideId "1739506"]
[BlackFideId "5201071"]
[WhiteElo "1466"]
[BlackElo "1920"]

1. d4 e6 2. c4 b6 3. Nf3 Bb7 4. Nc3 Bb4 5. Bd2 f5 6.
e3 Nf6 7. g3 O-O 8. Bg2 d6 9.
O-O Bxc3 10. Bxc3 Ne4 11. Rc1 Nd7 12. d5 e5 13. Nh4 Nxc3 14. Rxc3 g5 15. Nf3 Qf6 16. h4 gxh4 17. Nxh4 e4 18.
Bh3 Qg5 19. Kh2 Ne5 20. Qd4 Nf3+ 21.
Nxf3 exf3 22. e4 Qh5 23. exf5 Rae8 24. Re3 Rxe3 25. fxe3 Bc8 26. Qe4 Bxf5 27. Qd4 Qxh3+ 28. Kg1 Qg2# 0-1

[Event "Dam-SM i Blixtschack"]
[Site "Goteborgs Schackcentrum, Vegatan 20, Gothenburg, Sweden"]
[Date "2024.12.07"]
[Round "4.1"]
[White "Isurina Mariano, Cristine Rose"]
[Black "Hansson, Susanne"]
[Result "1-0"]
[TimeControl "3 minutes + 2 seconds per move from move one"]
[WhiteTitle "WIM"]
[WhiteFideId "5201071"]
[BlackFideId "1703820"]
[WhiteElo "1920"]
[BlackElo "1878"]

1. e4 e5 2. Nc3 Nf6 3. d3 Nc6 4. g3 d5 5. exd5 Nxd5 6. Nge2 Bg4 7. Bg2 Nce7 8. h3 Be6 9. O-O c6 10.
f4 Qb6+ 11. Kh2 Ne3 12. Bxe3 Qxe3 13.
Ne4 O-O-O 14. fxe5 Nf5 15. Rf3 Qb6 16. b3 h6 17. c3 Qc7 18. d4 g5 19. Qc2 Rg8 20. g4 Nh4 21. Rd3 f5 22.
Nf6 Rg7 23. Ng3 fxg4 24. hxg4 Be7 25. Ngh5 Bxf6 26. Nxf6 c5 27. Rc1 Kb8 28. Be4 Rf7 29. Qf2 h5 30. Qg3 cxd4 31. gxh5 Bf5 32.
Rcd1 Bxe4 33. Nxe4 Nf3+ 34. Rxf3 Rxf3 35. Qxf3 Qxe5+ 36. Ng3 Kc7 37. cxd4 Rxd4 38. Qc3+ 1-0

[Event "Dam-SM i Blixtschack"]
[Site "Goteborgs Schackcentrum, Vegatan 20, Gothenburg, Sweden"]
[Date "2024.12.07"]
[Round "7.5"]
[White "Kristiansen, Celina"]
[Black "Opdendries, Zoe"]
[Result "0-1"]
[TimeControl "3 minutes + 2 seconds per move from move one"]
[WhiteFideId "1778510"]
[BlackFideId "1739506"]
[WhiteElo "1462"]
[BlackElo "1466"]

1. e4 d6 2. Nc3 Nf6 3. d4 g6 4.
Be3 Nbd7 5. Qd2 c5 6. dxc5 Nxc5 7. Bh6 Ncxe4 8. Nxe4 Nxe4 9. Qe3 Qa5+ 10. c3 Bf5 11. Bxf8 Rxf8 12. Bd3 d5 13. Ne2 O-O-O 14. Bxe4 dxe4 15.
O-O Rd3 16. Qf4 e5 17. Qh6 Rfd8 18. Qxh7 Rd2 19. Rfe1 Bg4 20. Qxf7 Bxe2 21. h3 Bb5 22. Qe6+ Kb8 23. Qxe5+ R8d6 24.
Qxe4 Qc7 25. Qe3 Rxb2 26. Qe4 Rf6 27. Re2 Rxe2 28. Qh4 Rfxf2 29. Qh8+ Qc8 0-1

[Event "Dam-SM i Blixtschack"]
[Site "Goteborgs Schackcentrum, Vegatan 20, Gothenburg, Sweden"]
[Date "2024.12.07"]
[Round "1.3"]
[White "Olsson, Linn"]
[Black "Kristiansen, Celina"]
[Result "1-0"]
[TimeControl "3 minutes + 2 seconds per move from move one"]
[WhiteFideId "1722514"]
[BlackFideId "1778510"]
[WhiteElo "1890"]
[BlackElo "1462"]

1. d4 c6 2. c4 d5 3. cxd5 cxd5 4. Nc3 e6 5. a3 Bd6 6. Nf3 h6 7. Bd2 Nf6 8. e3 O-O 9. Bd3 a6 10. O-O Nc6 11. Rc1 Bd7 12. Re1 Qc7 13. g3 Rfe8 14. e4 g6 15. e5 Bxe5 16. dxe5 Ne4 17. Nxe4 dxe4 18. Bxe4 Nxe5 19. Rxc7 Nxf3+ 20. Qxf3 Bc6 21. Qxf7+ 1-0

[Event "Dam-SM i Blixtschack"]
[Site "Goteborgs Schackcentrum, Vegatan 20, Gothenburg, Sweden"]
[Date "2024.12.07"]
[Round "7.6"]
[White "Mironova, Olga K"]
[Black "Nilsson, Elin"]
[Result "0-1"]
[TimeControl "3 minutes + 2 seconds per move from move one"]
[WhiteFideId "1779656"]
[BlackFideId "1790749"]
[WhiteElo "1404"]
[BlackElo "1509"]

1. e4 e6 2. Nf3 d5 3. Nc3 c5 4. d4 Nc6 5. dxc5 Bxc5 6. exd5 exd5 7. Nxd5 Be6 8. Bc4 Nge7 9. O-O Rc8 10.
Ng5 Bxd5 11. Bxd5 Nxd5 12. Re1+ Nce7 13. Qf3 O-O 14. Nxf7 Rxf7 15. Qh5 h6 16. Bxh6 gxh6 17. Qxh6 Nf6 18.
Qg5+ Kf8 19. Qh6+ Ke8 20. Qh8+ Rf8 21. Qh6 Qd4 22. Qe3 Qxb2 0-1

[Event "Dam-SM i Blixtschack"]
[Site "Goteborgs Schackcentrum, Vegatan 20, Gothenburg, Sweden"]
[Date "2024.12.07"]
[Round "1.4"]
[White "Mironova, Olga K"]
[Black "Hansson, Susanne"]
[Result "0-1"]
[TimeControl "3 minutes + 2 seconds per move from move one"]
[WhiteFideId "1779656"]
[BlackFideId "1703820"]
[WhiteElo "1404"]
[BlackElo "1878"]

1. e4 e5 2. d4 exd4 3. Qxd4 Nc6 4. Qd2 Nf6 5. Nc3 Bb4 6. a3 Ba5 7. b4 Bb6 8. Nd5 Nxe4 9. Qf4 O-O 10.
Qxe4 Re8 11. Nf6+ gxf6 12. Qxe8+ Qxe8+ 13. Be3 Bxe3 14. fxe3 Qxe3+ 15. Be2 Qc3+ 16. Kf2 Qxa1 17. Bc4 Qd4+ 18.
Ke1 Qxc4 19. Ne2 d5 20. g4 Nd4 21. Nxd4 Qxd4 22. Rg1 Qxg1+ 0-1